 Dungeon Crawl Stone Soup version 0.20.0-10-g0535bb4 (webtiles) character file.

7198 mopl the Covert (level 10, -2/66 HPs)
             Began as a Minotaur Assassin on June 6, 2017.
             Was an Elder of Hepliaklqana.
             Slain by a killer bee (7 damage)
             ... on level 10 of the Dungeon.
             The game lasted 00:18:18 (9759 turns).

mopl the Covert (Minotaur Assassin)                 Turns: 9759, Time: 00:18:19

Health: -2/66      AC:  7    Str: 15    XL:     10   Next: 87%
Magic:  14/14      EV: 12    Int:  8    God:    Hepliaklqana [****..]
Gold:   144        SH:  0    Dex: 19    Spells: 9/9 levels left

rFire    . . .     SeeInvis +   a - +2 dagger
rCold    . . .     Gourm    .   (no shield)
rNeg     . . .     Faith    .   x - +2 robe
rPois    .         Spirit   .   (helmet restricted)
rElec    .         Reflect  .   d - +0 cloak
rCorr    .         Harm     .   r - +0 pair of gloves
MR       .....                  v - +0 pair of boots
Stlth    +++++.....             (no amulet)
Regen    0.3/turn               s - +3 ring of dexterity
MPRegen  0.2/turn               w - ring of see invisible

@: lethally poisoned (-2 -> -4)
A: retaliatory headbutt, reduced essence, horns 2
a: Recall Ancestor, Ancestor Identity, Transference, Idealise, Renounce Religion


You were on level 10 of the Dungeon.
You worshipped Hepliaklqana.
Hepliaklqana was greatly pleased with you.
You were hungry.

You visited 1 branch of the dungeon, and saw 10 of its levels.

You collected 552 gold pieces.
You spent 408 gold pieces at shops.

Inventory:

Hand Weapons
 a - a +2 dagger (weapon)
 b - a +0 blowgun
 c - a +3 scimitar of flaming
Missiles
 e - 19 poisoned needles
 f - 6 curare-tipped needles
 y - 8 needles of sleeping
 S - 2 tomahawks (quivered)
Armour
 d - a +0 cloak (worn)
 r - a +0 pair of gloves (worn)
 v - a +0 pair of boots (worn)
 x - a +2 robe (worn)
 K - a +1 robe of fire resistance
Jewellery
 s - a +3 ring of dexterity (left hand)
 w - a ring of see invisible (right hand)
 M - a +4 ring of dexterity
Wands
 G - a wand of random effects (11/48)
 T - a wand of flame (30/48)
Scrolls
 i - 8 scrolls of remove curse
 m - 8 scrolls of identify
 n - 4 scrolls of random uselessness {unknown}
 p - 7 scrolls of teleportation
 q - 2 scrolls of fear {unknown}
 t - 4 scrolls of fog {unknown}
 E - 3 scrolls of recharging {unknown}
 F - 4 scrolls of blinking {unknown}
 H - 4 scrolls of magic mapping
 J - a scroll of immolation
 O - a scroll of amnesia {unknown}
 P - a scroll of enchant armour {unknown}
 Q - a scroll of vulnerability {unknown}
 R - a scroll of enchant weapon {unknown}
 U - a scroll of summoning
 V - a scroll of silence {!r}
Potions
 h - 3 potions of agility {unknown}
 k - a potion of might
 l - a potion of invisibility {unknown}
 o - 2 potions of degeneration {unknown}
 u - 4 potions of heal wounds
 A - 2 potions of magic {unknown}
 C - 2 potions of resistance {unknown}
 D - 7 potions of curing {unknown}
 I - 4 potions of lignification {unknown}
 L - a potion of cancellation {unknown}
Books
 z - a book of Misfortune

   Spells                             Type                      Level
   a - Confusing Touch                Hexes                        1
   b - Confuse                        Hexes                        3
   c - Gell's Gravitas                Translocation                3
   d - Petrify                        Transmutation/Earth          4
   e - Metabolic Englaciation         Hexes/Ice                    5
   f - Yara's Violent Unravelling     Hexes/Transmutation          5
Comestibles
 g - 6 bread rations
 j - 8 royal jellies
 B - 7 meat rations
 W - 6 fruits


   Skills:
 - Level 2.4 Fighting
 + Level 8.8 Short Blades
 + Level 7.9 Throwing
 - Level 1.1 Dodging
 * Level 10.4 Stealth
 + Level 6.9 Invocations


You had 9 spell levels left.
You didn't know any spells.

Dungeon Overview and Level Annotations

Branches:
Dungeon (10/15)            Temple (0/1) D:6             Orc (0/2) D:9
   Lair: D:8-11

Altars:
Ashenzari
Cheibriados
Dithmenos
Fedhas
Hepliaklqana
Makhleb
Nemelex Xobeh
Okawaru
Qazlal
Xom
Zin
The Shining One

Shops:
D:6 :   D:9 }

Annotations:
D:10 no0bjke's ghost, journeyman GrFi


Innate Abilities, Weirdness & Mutations

You reflexively headbutt those who attack you in melee.
You have a pair of horns on your head.
Your life essence is reduced. (-10% HP)


Message History

You see here a poisoned needle.
The killer bee buzzes angrily.
You feel sick.
You see here a curare-tipped needle.
You feel sick.
The killer bee stings you but does no damage.
You see here a poisoned needle.
You feel sick. The killer bee stings you.
* * * LOW HITPOINT WARNING * * *
You see here a poisoned needle.
The killer bee closely misses you. You furiously retaliate!
You headbutt the killer bee!
Cyneburga has departed this plane of existence.
The killer bee closely misses you.
You see here a bullfrog corpse.
You feel sick. The killer bee completely misses you.
No0bjke's ghost hits you but does no damage.
The killer bee completely misses you. The killer bee stings you!
You die...

.................
####..(.........
##########...#########
..........(........
........(.........
###...(..........#
#..†#########..#
#########yyW#########..### ...
.........@...††r.T........ ...
.........########......... #..
########.# #......... #... #.#
#......... ##...#########.#
#......... ................###
#......... ......................
..........
...........#########.............
..#######..#


You could see 2 killer bees, no0bjke's ghost and a quokka (wandering).

Vanquished Creatures
  Erica (D:9)
  A two-headed ogre (D:8)
  2 trolls
  A hornet (D:10)
  Sigmund (D:4)
  A wraith (D:9)
  A wyvern (D:9)
  A yak (D:8)
  2 hogs (D:7)
  A human (D:7)
  A hungry ghost (D:8)
  2 sky beasts
  A hornet zombie (D:8)
  An ice beast (D:7)
  3 ogres
  5 centaurs
  A crocodile (D:9)
  A big kobold (D:9)
  A bullfrog (D:6)
  A wyvern skeleton (D:8)
  8 killer bees
  3 wights (D:9)
  3 howler monkeys
  5 crimson imps
  A centaur zombie (D:7)
  A jelly (D:6)
  5 orc priests
  4 hounds
  3 orc wizards
  2 bullfrog skeletons
  Jessica (D:3)
  Terence (D:3)
  4 worker ants
  2 killer bee zombies
  A hexer (D:7)
  2 hound skeletons
  A howler monkey skeleton (D:4)
  2 worker ant zombies (D:5)
  5 gnolls
  10 adders
  A shadow imp (D:6)
  2 oozes (D:3)
  An adder zombie (D:8)
  A worm (D:3)
  5 dart slugs
  9 leopard geckos
  18 orcs
  A ball python (D:2)
  18 bats
  5 giant cockroaches
  A goblin (D:1)
  12 hobgoblins
  21 jackals
  14 kobolds
  5 quokkas
  5 frilled lizards
  A jackal zombie (D:6)
  A leopard gecko skeleton (D:5)
  9 rats
223 creatures vanquished.

Vanquished Creatures (collateral kills)
  Joseph (D:7)
  A hog (D:8)
  An orc warrior (D:9)
  A phantom (D:8)
  2 bullfrogs
  A killer bee (D:10)
  A howler monkey (D:8)
  A hound (D:6)
  An iguana (D:8)
  3 orc wizards
  2 worker ants (D:9)
  A worker ant zombie (D:5)
  A gnoll (D:5)
  A shadow imp (D:8)
  An adder zombie (D:7)
  4 orcs
  A giant cockroach (D:4)
  A jackal (D:3)
  2 kobolds
  2 quokkas (D:4)
29 creatures vanquished.

Vanquished Creatures (others)
  A hexer (D:10)
  An ancestor (D:4)
2 creatures vanquished.

Grand Total: 254 creatures vanquished

Notes
Turn   | Place    | Note
-------+----------+-------------------------------------------
     0 | D:1      | mopl the Minotaur Assassin began the quest for the Orb.
     0 | D:1      | Reached XP level 1. HP: 18/18 MP: 0/0
    54 | D:1      | Reached XP level 2. HP: 25/25 MP: 1/1
   127 | D:1      | Reached skill level 3 in Short Blades
   183 | D:1      | Reached XP level 3. HP: 21/30 MP: 2/2
   775 | D:2      | Reached XP level 4. HP: 37/37 MP: 3/3
  1040 | D:2      | Reached skill level 4 in Stealth
  1120 | D:2      | Found a glowing golden altar of the Shining One.
  1245 | D:2      | Found an iron altar of Okawaru.
  1246 | D:2      | Found a hazy altar of Hepliaklqana.
  1398 | D:2      | Became a worshipper of Hepliaklqana the Forgotten
  1447 | D:2      | Found a burning altar of Makhleb.
  1447 | D:2      | Found a glowing silver altar of Zin.
  1448 | D:2      | Noticed an angel
  1448 | D:2      | Noticed a green death
  1569 | D:3      | Noticed Jessica
  1585 | D:3      | Killed Jessica
  1585 | D:3      | Reached skill level 3 in Throwing
  1690 | D:3      | Reached XP level 5. HP: 31/37 MP: 4/4
  1789 | D:3      | Noticed Terence
  1790 | D:3      | Found a stormy altar of Qazlal.
  1791 | D:3      | Killed Terence
  1921 | D:3      | Reached skill level 1 in Invocations
  1976 | D:3      | Found a faded altar of an unknown god.
  2102 | D:3      | Found a blossoming altar of Fedhas.
  2324 | D:4      | Reached skill level 4 in Short Blades
  2324 | D:4      | Reached XP level 6. HP: 45/45 MP: 6/6
  2328 | D:4      | Reached skill level 5 in Stealth
  2417 | D:4      | Reached skill level 2 in Invocations
  2599 | D:4      | Found Uduhyfy's Magic Scroll Boutique.
  2602 | D:4      | Bought a scroll of immolation for 42 gold pieces
  2602 | D:4      | Bought a scroll of remove curse for 36 gold pieces
  2602 | D:4      | Bought a scroll of magic mapping for 42 gold pieces
  2602 | D:4      | Bought a scroll of identify for 24 gold pieces
  2660 | D:4      | Reached * piety under Hepliaklqana
  2732 | D:4      | Noticed Sigmund
  2754 | D:4      | Killed Sigmund
  2754 | D:4      | Reached XP level 7. HP: 50/50 MP: 7/7
  2978 | D:5      | Entered Level 5 of the Dungeon
  3022 | D:5      | Reached skill level 4 in Throwing
  3371 | D:5      | Reached skill level 5 in Short Blades
  3371 | D:5      | Reached skill level 3 in Invocations
  3396 | D:5      | Reached skill level 6 in Stealth
  3678 | D:5      | Reached ** piety under Hepliaklqana
  3679 | D:5      | Remembered your ancestor Cyneburga as a hexer
  4185 | D:6      | Reached XP level 8. HP: 47/55 MP: 9/9
  4844 | D:6      | Found Bohaneck's Book Shop.
  4856 | D:6      | Found a staircase to the Ecumenical Temple.
  5130 | D:6      | Reached skill level 7 in Stealth
  5180 | D:7      | Reached *** piety under Hepliaklqana
  5180 | D:7      | Noticed Joseph
  5197 | D:7      | Killed Joseph
  5197 | D:7      | Reached skill level 6 in Short Blades
  5197 | D:7      | Reached skill level 5 in Throwing
  5197 | D:7      | Reached skill level 4 in Invocations
  5903 | D:7      | Reached XP level 9. HP: 61/61 MP: 11/11
  6130 | D:7      | Reached skill level 8 in Stealth
  6836 | D:7      | Reached skill level 6 in Throwing
  6836 | D:7      | Reached skill level 5 in Invocations
  6979 | D:7      | Reached skill level 7 in Short Blades
  7262 | D:8      | Reached **** piety under Hepliaklqana
  7646 | D:8      | Noticed a two-headed ogre
  7677 | D:8      | Killed a two-headed ogre
  7677 | D:8      | Reached skill level 9 in Stealth
  7677 | D:8      | Reached XP level 10. HP: 66/66 MP: 13/13
  7859 | D:8      | Reached skill level 6 in Invocations
  8334 | D:8      | Reached skill level 7 in Throwing
  8452 | D:4      | Bought a scroll of summoning for 114 gold pieces
  8452 | D:4      | Bought a scroll of teleportation for 36 gold pieces
  8452 | D:4      | Bought a scroll of silence for 90 gold pieces
  8452 | D:4      | Bought a scroll of identify for 24 gold pieces
  8580 | D:9      | Reached skill level 8 in Short Blades
  8601 | D:9      | Found Uhoot's Gadget Shop.
  8679 | D:9      | Found a staircase to the Orcish Mines.
  8705 | D:9      | Noticed Erica
  8792 | D:9      | Killed Erica
  8792 | D:9      | Reached skill level 10 in Stealth
  9297 | D:9      | Found a shimmering altar of Xom.
  9298 | D:9      | Found a shattered altar of Ashenzari.
  9300 | D:9      | Found a sparkling altar of Nemelex Xobeh.
  9302 | D:9      | Found a shadowy altar of Dithmenos.
  9302 | D:9      | Found a snail-covered altar of Cheibriados.
  9621 | D:10     | Entered Level 10 of the Dungeon
  9744 | D:10     | Noticed no0bjke's ghost (journeyman GrFi)
  9759 | D:10     | Slain by a killer bee

Skill      XL: |  1  2  3  4  5  6  7  8  9 10 |
---------------+-------------------------------+-----
Short Blades   | 3 4 5 6 7 8 |  8.8
Stealth        | 4 5 6 7 9 10 | 10.4
Throwing       | 3 4 5 6 7 |  7.9
Invocations    | 1 2 3 4 5 6 |  6.9
Fighting       | |  2.4
Dodging        | |  1.1

Action                   |  1- 3 |  4- 6 |  7- 9 | 10-12 || total
-------------------------+-------+-------+-------+-------++-------
Melee: Dagger            |   100 |   131 |   289 |    93 ||   613
       Headbutt          |    16 |    23 |    61 |    30 ||   130
       Scimitar          |       |       |       |    50 ||    50
 Fire: Blowgun           |       |     5 |    44 |    25 ||    74
Throw: Tomahawk          |       |       |       |     1 ||     1
Invok: Ancestor Life: He |       |       |     1 |       ||     1
       Recall Ancestor   |       |       |     2 |       ||     2
Evoke: Wand              |       |       |     3 |     5 ||     8
  Use: Scroll            |       |       |       |     1 ||     1
       Potion            |       |       |       |     1 ||     1
 Stab: Sleeping          |     5 |    16 |     7 |     3 ||    31
       Confused          |       |       |     4 |     2 ||     6
       Distracted        |       |       |     4 |       ||     4
  Eat: Chunk             |       |     6 |    15 |     8 ||    29
Armor: Robe              |    26 |    37 |    44 |    35 ||   142
Dodge: Dodged            |    57 |    80 |   155 |    85 ||   377
       Rpst.: Scimitar   |       |       |       |     9 ||     9
